 Dungeon Crawl Stone Soup version 0.22-a0-423-g4197694 (webtiles) character file.

35 Kairos the Charmwright (level 3, 28/28 HPs)
             Began as a Barachi Skald on May 23, 2018.
             Quit the game on level 1 of the Dungeon.
             The game lasted 00:00:55 (972 turns).

Kairos the Charmwright (Barachi Skald)               Turns: 972, Time: 00:00:56

Health: 28/28      AC:  4    Str: 13    XL:     3   Next: 35%
Magic:  6/6        EV: 12    Int: 13    God:
Gold:   33         SH:  0    Dex: 11    Spells: 6/7 levels left

rFire    . . .     SeeInvis .   a - +0 spear
rCold    . . .     Gourm    .   (no shield)
rNeg     . . .     Faith    .   b - +0 leather armour
rPois    .         Spirit   .   (no helmet)
rElec    .         Reflect  .   e - +0 cloak
rCorr    .         Harm     .   (no gloves)
MR       .....                  (no boots)
Stlth    +.........             (no amulet)
HPRegen  0.09/turn              (no ring)
MPRegen  0.10/turn              (no ring)

@: slow
A: +LOS, swims, slowness 1, strong legs 1
a: Hop


You were on level 1 of the Dungeon.
You were hungry.

You visited 1 branch of the dungeon, and saw 1 of its levels.

You collected 33 gold pieces.

Inventory:

Hand Weapons
 a - a +0 spear (weapon)
Armour
 b - a +0 leather armour (worn)
 e - a +0 cloak (worn)
Scrolls
 c - a scroll of random uselessness {unknown}
 f - a scroll of remove curse {unknown}
Comestibles
 d - a ration


   Skills:
 + Level 2.8 Fighting
 + Level 2.4 Polearms
 + Level 1.4 Armour
 + Level 2.3 Dodging
 + Level 0.2 Stealth
 + Level 2.5 Spellcasting
 + Level 3.7 Charms


You had 6 spell levels left.
You knew the following spells:

 Your Spells              Type           Power        Failure   Level  Hunger
a - Infusion              Chrm           ##..         7%          1    #......

Your spell library contained the following spells:

 Spells                   Type           Power        Failure   Level  Hunger
 Regeneration             Chrm/Necr      #.........   41%         3    ###....
 Shroud of Golubria       Chrm/Tloc      #.........   22%         2    ###....
 Song of Slaying          Chrm           ##......     10%         2    ###....
 Spectral Weapon          Hex/Chrm       #.......     41%         3    ###....


Dungeon Overview and Level Annotations

Branches:
Dungeon (1/15)

Altars:


Innate Abilities, Weirdness & Mutations

Shadows flee at your approach. (+LOS)
You can swim through water.
You cover ground slowly.
You can hop short distances.


Message History

No target in view!
No target in view!
No target in view!
No target in view!
No target in view!
Found 21 sling bullets.
You see here 21 sling bullets.
You are feeling hungry.
Key pressed, stopping explore.
No target in view!
No target in view!
No target in view!
No target in view!
You see here a rat corpse.
There is an open door here.
There is an open door here.
Done exploring.
Done exploring.
Done exploring.
Are you sure you want to abandon this character and quit the game? (Confirm with "yes".)

#### # ##.#### ###
8##8##8##.##8###8####
..................'.#
8##8##8##.##8###8##.#
#########.#########.#
.......#8.8#........#
.......##.##.......#####
.......##.##....#......#######
..(....#8.8#....@......'>....#
.########.##...........####.##
.##### ##.##...........# #.#
.#...# #8.8#.....####### #.#
.#...####.##.....# #.#
.#.....##'######## #.#
.#...###..#################.#
..##.#....................#.#####
..##.#.##################.#......


There were no monsters in sight!

Vanquished Creatures
  3 dart slugs (D:1)
  A ball python (D:1)
  4 bats (D:1)
  5 goblins (D:1)
  4 hobgoblins (D:1)
  3 jackals (D:1)
  2 frilled lizards (D:1)
  5 rats (D:1)
27 creatures vanquished.

Notes
Turn   | Place    | Note
-------+----------+-------------------------------------------
     0 | D:1      | Kairos the Barachi Skald began the quest for the Orb.
     0 | D:1      | Reached XP level 1. HP: 17/17 MP: 3/3
   206 | D:1      | Reached XP level 2. HP: 17/23 MP: 5/5
   632 | D:1      | Reached XP level 3. HP: 27/28 MP: 6/6
   972 | D:1      | Quit the game

Vault maps used:
D:1:      eino_arrival_tree_alley, hex_intersection, dk_noncrumbling_2,
          minmay_tripent

Action                   || total
-------------------------++-------
Melee: Spear             ||   109
 Cast: Infusion          ||     1
 Stab: Sleeping          ||     1
Armor: Leather armour    ||    24
Dodge: Dodged            ||    65

Table legend:
 A = Spawn XP
 B = Non-spawn XP
 C = Spawn XP percentage of total XP
 D = Spawn monster count
 E = Non-spawn monster count
 F = Spawn count percentage of total count
 G = Total turns spent on level
                    A         B        C        D         E        F      G
               +---------+---------+-------+---------+---------+-------+---------
         Total |       0 |      51 |   0.0 |       0 |      27 |   0.0 |   972
               +---------+---------+-------+---------+---------+-------+---------
           D:1 |       0 |      51 |   0.0 |       0 |      27 |   0.0 |   972
               +---------+---------+-------+---------+---------+-------+---------
